Map: Dusk Towers

Players

Bails - Winner!

  • Race: Protoss Protoss
  • League: Grandmaster

Pokebunny

  • Race: Terran Terran
  • League: Grandmaster

VOD

Have the link to the VOD?

Description

Time

  • Played on: April 7, 2016, 10:45 p.m.
  • Length: 5:10
Show
View Real Time Build Order
Export as new Build Order

Bails Protoss - Winner!

Build Orders: 1 Gate Expand, Phoenix Opening 

Get SALT Encoding   

  12  0:00  Probe (Chrono Boost)  
  13  0:11  Probe (Chrono Boost)  
  14  0:17  Pylon  
  14  0:22  Probe (Chrono Boost)  
  16  0:35  Probe (Chrono Boost)  
  16  0:37  Gateway  
  16  0:46  Probe (Chrono Boost)  
  16  0:47  Assimilator  
  17  0:56  Probe (Chrono Boost)  
  18  1:07  Probe (Chrono Boost)  
  19  1:18  Probe (Chrono Boost)  
  20  1:26  Nexus  
  20  1:38  Cybernetics Core  
  21  1:40  Probe (Chrono Boost)  
  21  1:45  Assimilator  
  21  1:50  Probe (Chrono Boost)  
  22  1:56  Pylon  
  22  2:01  Probe (Chrono Boost)  
  23  2:14  Probe (Chrono Boost), Warp Gate (Chrono Boost)  
  24  2:22  Stargate  
  24  2:25  Probe (Chrono Boost)  
  24  2:26  Adept  
  27  2:35  Probe (Chrono Boost)  
  28  2:38  Probe (Chrono Boost)  
  29  2:46  Mothership Core (Chrono Boost)  
  29  2:50  Probe (Chrono Boost)  
  32  2:53  Adept  
  34  3:00  Probe (Chrono Boost)  
  34  3:04  Probe (Chrono Boost)  
  36  3:06  Phoenix (Chrono Boost)  
  36  3:09  Probe  
  36  3:11  Pylon  
  39  3:16  Probe  
  40  3:20  Adept (Chrono Boost)  
  43  3:28  Phoenix, Probe  
  43  3:32  Gateway  
  45  3:35  Probe  
  45  3:40  Gateway  
  46  3:43  Probe  
  47  3:49  Phoenix  
  47  3:53  Pylon, Probe  
  50  3:56  Probe  
  51  4:08  Probe  
  51  4:15  Pylon, Probe, Robotics Facility  
  52  4:20  Probe  
  53  4:27  Probe  
  53  4:31  Gateway  
  54  4:32  Probe  
  54  4:36  Phoenix  
  57  4:49  Adept x3  
  62  4:53  Pylon  
Show
View Real Time Build Order
Export as new Build Order

Pokebunny Terran 

Build Orders: 1/1/1, Liberator Opening 

Get SALT Encoding   

  12  0:00  SCV  
  13  0:13  SCV  
  14  0:18  Supply Depot  
  14  0:25  SCV  
  14  0:27  Refinery  
  15  0:39  SCV  
  16  0:44  Barracks  
  16  0:51  SCV  
  17  1:04  SCV  
  18  1:09  Refinery  
  18  1:16  SCV  
  19  1:31  Orbital Command  
  19  1:32  Marine  
  19  1:33  Factory  
  20  1:41  Supply Depot  
  20  1:50  Marine  
  21  1:56  SCV  
  22  2:09  SCV  
  22  2:10  Barracks Reactor  
  23  2:18  Hellion, Starport  
  25  2:22  Supply Depot  
  25  2:25  SCV  
  26  2:38  Widow Mine, SCV  
  29  2:46  Marine x2  
  29  2:50  Supply Depot, SCV  
  32  2:54  Medivac  
  34  3:02  SCV  
  34  3:03  Marine  
  36  3:11  Liberator, Marine  
  36  3:12  Factory Tech Lab  
  37  3:20  SCV  
  37  3:21  Marine  
  39  3:29  Marine  
  39  3:31  Siege Tank  
  46  3:43  Barracks  
  46  3:44  Barracks  
  46  3:50  Marine  
  47  3:57  Supply Depot  
  47  4:01  Liberator  
  47  4:02  Marine  
  47  4:09  Marine  
  46  4:20  Siege Tank  
  46  4:21  Marine  
  53  4:27  Supply Depot  
  53  4:34  Marine x3  
  52  4:49  Marine  
  52  4:52  Marine  
Tags
 
Add a new tag
Caveats
  • Supply blocks, unpowered buildings, or Contaminate may cause inaccurate times.
  • Supply counts are checked every 10 seconds.